 Dungeon Crawl Stone Soup version 0.29.0-4-gdea44cf6ec (webtiles) character file.

Game seed: 16321301235138867794

36 qw the Chopper (level 3, -2/21 HPs)
             Began as a Tengu Warper on Aug 28, 2022.
             Slain by an adder (3 damage)
             ... on level 2 of the Dungeon.
             The game lasted 00:00:04 (1246 turns).

qw the Chopper (Tengu Warper)                       Turns: 1246, Time: 00:00:04

Health: -2/21      AC:  5    Str: 13    XL:     3   Next: 37%
Magic:  7/7        EV: 11    Int: 13    God:
Gold:   47         SH:  0    Dex: 13    Spells: 6/6 levels left

rFire   . . .      SeeInvis .   Y - +1 hand axe
rCold   . . .      Faith    .   (no shield)
rNeg    . . .      Spirit   .   h - +0 ring mail
rPois   .          Reflect  .   (helmet restricted)
rElec   .          Harm     .   (no cloak)
rCorr   .          Rampage  .   (no gloves)
Will    .....                   (boots unavailable)
Stlth   +.........              (no amulet)
HPRegen 0.07/turn               (no ring)
MPRegen 0.10/turn               (no ring)

@: no status effects
A: beak, talons 3
a: no special abilities


You were on level 2 of the Dungeon.
You visited 1 branch of the dungeon, and saw 2 of its levels.

You collected 47 gold pieces.


Innate Abilities, Weirdness & Mutations

You have a beak for a mouth.
You have claws for feet.


   Skills:
 - Level 2.0 Fighting
 + Level 4.1 Axes
 - Level 1.0 Throwing
 - Level 1.1 Armour
 - Level 2.1 Dodging
 - Level 2.0 Spellcasting
 - Level 2.4 Translocations


You had 6 spell levels left.
You didn't know any spells.
Your spell library contained the following spells:

 Spells                   Type           Power      Damage    Failure   Level
 Blink                    Tloc           14%        N/A       30%         2
 Gell's Gravitas          Tloc           7%         N/A       52%         3
 Lesser Beckoning         Tloc           7%         N/A       52%         3
 Teleport Other           Tloc           7%         N/A       52%         3
 Manifold Assault         Tloc           7%         N/A       99%         5

Inventory:

Hand Weapons
 Y - a +1 hand axe (weapon)
Armour
 b - a +0 cloak
 h - a +0 ring mail (worn)
Scrolls
 a - a scroll of identify {unknown}
Potions
 c - a potion of might {unknown}
 d - a potion of mutation {unknown}
 e - a potion of brilliance {unknown}
 f - a potion of attraction {unknown}
 g - a potion of curing {unknown}
 i - a potion of degeneration {unknown}
 j - a potion of ambrosia {unknown}
 k - a potion of haste {unknown}

Dungeon Overview and Level Annotations

Branches:
Dungeon (2/15)

Altars:

Annotations:
D:2 Sigmund


Message History

Sigmund points at you and mumbles some strange words.
The puff of flame hits you. The adder bites you but does no damage.
You hit Sigmund. Your kick misses Sigmund.
Sigmund is moderately wounded.
You barely miss the adder. Sigmund hits you with a +0 scythe!
The adder bites you.
You hit Sigmund. You peck Sigmund.
Sigmund is heavily wounded.
You hit the adder. The adder completely misses you.
Sigmund casts a spell at you. You resist with significant effort.
You hit Sigmund. Your kick misses Sigmund. You peck Sigmund.
Sigmund is almost dead.
You hit the adder. The adder bites you but does no damage.
Sigmund says, "Look into my eyes."
Sigmund barely misses you. The adder closely misses you.
You hit Sigmund but do no damage. Your kick misses Sigmund.
Sigmund is almost dead.
You closely miss the adder. The adder bites you.
You are poisoned.
The adder poisons you! Sigmund barely misses you.
You hit Sigmund. Your kick misses Sigmund.
Sigmund is almost dead.
You hit the adder but do no damage.
You feel sick. The adder bites you but does no damage.
The adder closely misses you.
You hit Sigmund but do no damage. Your kick misses Sigmund.
Sigmund is almost dead.
You hit the adder but do no damage.
You feel sick. Sigmund closely misses you. The adder barely misses you.
You barely miss Sigmund.
Sigmund is almost dead.
You closely miss the adder.
You feel sick.
You are no longer poisoned.
The adder bites you.
You die...

.................#......
...........%.##.)#.##.%%
.####...####.##<.......%
#...# #.......####.
#...# #######.# ## #...#
##.## ##.## #...####
###.##### #.......
#...@@(.# #...####
#.#..S..# #####
#...........
#.#...#.##.. ...#.....#
. ### ....#.# #.###.# #.
#


You could see Sigmund and an adder.

Vanquished Creatures
  2 adders (D:2)
  A dart slug (D:2)
  An endoplasm (D:1)
  2 giant cockroaches
  2 goblins (D:2)
  2 hobgoblins
  A quokka (D:1)
  3 ball pythons
  A rat (D:1)
15 creatures vanquished.

Notes
Turn   | Place    | Note
-------+----------+-------------------------------------------
     0 | D:1      | qw the Tengu Warper began the quest for the Orb.
     0 | D:1      | Reached XP level 1. HP: 12/12 MP: 4/4
     0 | D:1      | 0 ||| qw: Version: 0.1-a-89-g26bdef1
     0 | D:1      | 0 ||| qw: Game counter: 3285
     0 | D:1      | 0 ||| qw: Always use a shield: true
     0 | D:1      | 0 ||| qw: God list: Okawaru
     0 | D:1      | 0 ||| qw: Allow faded altars: false
     0 | D:1      | 0 ||| qw: Do Orc after D:15 true
     0 | D:1      | 0 ||| qw: Do second Lair branch before Depths: true
     0 | D:1      | 0 ||| qw: Lair rune preference: random
     0 | D:1      | 0 ||| qw: Plans: Normal
     0 | D:1      | 0 ||| PLANNING D:1-11
   351 | D:1      | Reached skill level 3 in Axes
   351 | D:1      | Reached XP level 2. HP: 17/17 MP: 6/6
   638 | D:1      | 638 ||| UPGRADING to +0 ring mail.
   648 | D:1      | 648 ||| DROPPING +0 leather armour.
   649 | D:1      | 649 ||| READING scroll labelled IFAMICLEEPNIR.
   650 | D:1      | 650 ||| READING scroll labelled NEGAL ANUTE.
   651 | D:1      | 651 ||| DROPPING scroll of blinking.
   670 | D:2      | 670 ||| STAIRDANCE
   962 | D:2      | Reached XP level 3. HP: 21/21 MP: 7/7
   978 | D:2      | Reached skill level 4 in Axes
   980 | D:2      | 980 ||| Stepping ~*~*~tactically~*~*~ (hiding).
   982 | D:2      | 982 ||| Stepping ~*~*~tactically~*~*~ (hiding).
  1229 | D:2      | Noticed Sigmund
  1243 | D:2      | HP: 4/21 [adder (2)]
  1246 | D:2      | HP: 1/21 [poisoned by an adder]
  1246 | D:2      | Slain by an adder

Levels and vault maps discovered:
D:1:      minmay_arrival_glassed_features, layout_basic
D:2:      layout_loops_cross, uniq_sigmund, uniq_jessica

Skill      XL: |  1  2  3 |
---------------+----------+-----
Axes           | 3 4 |  4.1
Fighting       | |  2.0
Throwing       | |  1.0
Armour         | |  1.1
Dodging        | |  2.1
Spellcasting   | |  2.0
Translocations | |  2.4

Action                   || total
-------------------------++-------
Melee: Hand axe          ||    42
       Kick              ||    10
       Peck              ||     5
Throw: Boomerang         ||     7
  Use: Scroll            ||     2
Armor: Ring mail         ||    17
Dodge: Dodged            ||    24

Table legend:
 A = Non-vault XP
 B = Vault XP
 C = Vault XP percentage of total XP
 D = Non-vault monster count
 E = Vault monster count
 F = Vault count percentage of total count
                 A         B        C        D         E       F
            +---------+---------+-------+---------+---------+-------
      Total |      52 |       0 |   0.0 |      15 |       0 |   0.0
            +---------+---------+-------+---------+---------+-------
        D:1 |      11 |       0 |   0.0 |       7 |       0 |   0.0
        D:2 |      41 |       0 |   0.0 |       8 |       0 |   0.0
            +---------+---------+-------+---------+---------+-------
